 Dungeon Crawl Stone Soup version 0.29.0-4-gdea44cf6ec (webtiles) character file.

Game seed: 12274689929017699319

49 qw the Chopper (level 3, -9/29 HPs)
             Began as a Demonspawn Cinder Acolyte on Sept 8, 2022.
             Was a High Priest of Ignis.
             Mangled by an ogre
             ... wielding a +0 giant club
              (15 damage)
             ... on level 3 of the Dungeon.
             The game lasted 00:00:53 (2518 turns).

qw the Chopper (Demonspawn Cinder Acolyte)          Turns: 2518, Time: 00:00:54

Health: -9/29      AC: 24    Str: 16    XL:     3   Next: 53%
Magic:  4/4        EV:  4    Int: 15    God:    Ignis [*****.]
Gold:   109        SH:  0    Dex:  8    Spells: 4/4 levels left

rFire   + . .      SeeInvis .   Y - +0 hand axe (flame)
rCold   . . .      Faith    .   (no shield)
rNeg    . . .      Spirit   .   d - +0 plate armour
rPois   .          Reflect  .   (no helmet)
rElec   .          Harm     .   g - +2 cloak
rCorr   .          Rampage  .   e - +1 pair of gloves
Will    .....                   (no boots)
Stlth   ..........              (no amulet)
HPRegen 0.09/turn               (no ring)
MPRegen 0.09/turn               (no ring)

@: fiery-armoured
A: slimy green scales 1
a: Renounce Religion, Fiery Armour, Foxfire Swarm, Rising Flame


You were on level 3 of the Dungeon.
You worshipped Ignis.
Ignis was extremely pleased with you.
You visited 1 branch of the dungeon, and saw 3 of its levels.

You collected 109 gold pieces.


Innate Abilities, Weirdness & Mutations

You are partially covered in slimy green scales. (AC +2)


   Skills:
 - Level 3.0 Fighting
 + Level 3.9 Axes
 - Level 1.0 Armour
 - Level 1.0 Spellcasting
 - Level 2.6 Fire Magic


You had 4 spell levels left.
You didn't know any spells.
Your spell library contained the following spells:

 Spells                   Type           Power      Damage    Failure   Level
 Scorch                   Fire           16%        2d5       100%        2

Inventory:

Hand Weapons
 Y - a +0 hand axe of flaming (weapon)
Armour
 d - a +0 plate armour (worn)
 e - a +1 pair of gloves (worn)
 g - a +2 cloak (worn)
Scrolls
 f - a scroll of butterflies {unknown}
Potions
 a - a potion of curing {unknown}
 b - a potion of attraction {unknown}
 c - a potion of brilliance {unknown}
 h - a potion of magic {unknown}

Dungeon Overview and Level Annotations

Branches:
Dungeon (3/15)

Altars:


Message History

The ball python grabs you. The ball python constricts you.
The ball python bites you but does no damage.
The ball python constricts you.
You barely miss the ball python.
The ball python bites you but does no damage.
The ball python constricts you.
You closely miss the ball python.
The ball python bites you but does no damage.
The ball python constricts you.
You closely miss the ball python.
The ball python bites you but does no damage.
The ball python constricts you.
The ball python bites you but does no damage.
The ball python constricts you.
You barely miss the ball python. The ball python bites you.
The ball python constricts you.
You hit the ball python. You burn the ball python.
You kill the ball python!
You start resting.
HP restored.
You see here a ball python corpse.
You now have 93 gold pieces (gained 16).
h - a viscous emerald potion
Found a short sword.
You now have 109 gold pieces (gained 16).
There is a stone staircase leading down here.
An ogre comes into view. It is wielding a +0 giant club.
The ogre shouts!
You barely miss the ogre.
The ogre hits you with a +0 giant club!!
Ouch! That really hurt!
You hear a shout!
2517 ||| INVOKING Fiery Armour.
A protective cloak of flame settles atop you.
A goblin comes into view. It is wielding a +0 club.
You hit the ogre. You burn the ogre.
The ogre is moderately wounded.
The ogre hits you with a +0 giant club!
Ouch! That really hurt!
You die...

#.........%........#
######.....#+#####.#
########.###.#
#......#.#...# #
#.####.#%#.###g#
#####.#..#.#.#.###.#
...............>...#.#
####.#<.#.#.#.......#
##.#.#.##@######
^.#.#....O......
####.##....######
#.......# ###.....#
.!..?.# ###....#
#....#


You could see an ogre and a goblin.

Vanquished Creatures
  2 dart slugs
  3 bats
  2 endoplasms
  2 giant cockroaches
  6 hobgoblins
  A quokka (D:2)
  9 ball pythons
  4 frilled lizards
  3 goblins (D:1)
  7 kobolds
  8 rats
47 creatures vanquished.

Notes
Turn   | Place    | Note
-------+----------+-------------------------------------------
     0 | D:1      | qw the Demonspawn Cinder Acolyte began the quest for the
                  | Orb.
     0 | D:1      | Reached XP level 1. HP: 18/18 MP: 2/2
     0 | D:1      | 0 ||| qw: Version: 0.1-a-111-g1c1fd2e
     0 | D:1      | 0 ||| qw: Game counter: 6602
     0 | D:1      | 0 ||| qw: Always use a shield: true
     0 | D:1      | 0 ||| qw: God list: Okawaru
     0 | D:1      | 0 ||| qw: Allow faded altars: false
     0 | D:1      | 0 ||| qw: Do Orc after D:15 true
     0 | D:1      | 0 ||| qw: Do second Lair branch before Depths: true
     0 | D:1      | 0 ||| qw: Lair rune preference: random
     0 | D:1      | 0 ||| qw: Plans: Normal
     0 | D:1      | 0 ||| PLANNING D:1-11
    74 | D:1      | 74 ||| Stepping ~*~*~tactically~*~*~ (hiding).
    77 | D:1      | 77 ||| Stepping ~*~*~tactically~*~*~ (hiding).
   185 | D:1      | Reached skill level 3 in Axes
   274 | D:1      | 274 ||| INVOKING Fiery Armour.
   457 | D:1      | Gained mutation: You are partially covered in slimy green
                  | scales. (AC +2) [demonic ancestry]
   457 | D:1      | Reached XP level 2. HP: 24/24 MP: 3/3
   497 | D:1      | 497 ||| Stepping ~*~*~tactically~*~*~ (stealth).
   498 | D:1      | 498 ||| Stepping ~*~*~tactically~*~*~ (stealth).
   499 | D:1      | 499 ||| Stepping ~*~*~tactically~*~*~ (stealth).
  1048 | D:1      | 1048 ||| Stepping ~*~*~tactically~*~*~ (stealth).
  1052 | D:1      | 1052 ||| Stepping ~*~*~tactically~*~*~ (stealth).
  1053 | D:1      | 1053 ||| Stepping ~*~*~tactically~*~*~ (stealth).
  1092 | D:1      | Found a faded altar of an unknown god.
  1405 | D:1      | 1405 ||| UPGRADING to +0 plate armour.
  1415 | D:1      | 1415 ||| DROPPING +0 robe.
  1416 | D:1      | 1416 ||| UPGRADING to +1 pair of gloves.
  1421 | D:1      | 1421 ||| READING scroll labelled YGEDUACH MAXEU.
  1422 | D:1      | 1422 ||| READING scroll labelled CATA RENYURPH.
  1423 | D:1      | 1423 ||| READING scroll labelled RUMPUXKIGGE.
  1424 | D:1      | 1424 ||| READING scroll labelled FUNKEI QESI.
  1445 | D:2      | 1445 ||| STAIRDANCE
  1448 | D:1      | Reached XP level 3. HP: 29/29 MP: 4/4
  1450 | D:2      | 1450 ||| STAIRDANCE
  1715 | D:2      | 1715 ||| Stepping ~*~*~tactically~*~*~ (hiding).
  1723 | D:2      | Reached skill level 1 in Armour
  1823 | D:2      | 1823 ||| FLEEEEING.
  2167 | D:2      | 2167 ||| DROPPING orb of wrath.
  2168 | D:2      | 2168 ||| UPGRADING to +2 cloak.
  2173 | D:2      | 2173 ||| READING scroll labelled NACSOL XAXUQU.
  2174 | D:2      | 2174 ||| Stepping randomly (stuck).
  2175 | D:2      | 2175 ||| Stepping ~*~*~tactically~*~*~ (cloud).
  2510 | D:3      | Noticed an ogre
  2516 | D:3      | HP: 6/29 [ogre/+0 giant club (23)]
  2517 | D:3      | 2517 ||| INVOKING Fiery Armour.
  2518 | D:3      | Mangled by an ogre

Levels and vault maps discovered:
D:1:      amcnicky_arrival_abandoned_market, layout_basic, serial_curves,
          eino_curves_02, eino_curves_02, ebering_ecumenical_altar_rust,
          minmay_surrounded
D:2:      wander_river, layout_rooms
D:3:      layout_basic

Skill      XL: |  1  2  3 |
---------------+----------+-----
Axes           | 3 |  3.9
Armour         | 1 |  1.0
Fighting       | |  3.0
Spellcasting   | |  1.0
Fire Magic     | |  2.6

Action                   || total
-------------------------++-------
Melee: Hand axe          ||   162
       Punch             ||     2
Invok: Fiery Armour      ||     2
  Use: Scroll            ||     5
Armor: Robe              ||    30
       Plate armour      ||    36
Dodge: Dodged            ||    71

Table legend:
 A = Non-vault XP
 B = Vault XP
 C = Vault XP percentage of total XP
 D = Non-vault monster count
 E = Vault monster count
 F = Vault count percentage of total count
                 A         B        C        D         E       F
            +---------+---------+-------+---------+---------+-------
      Total |      65 |       6 |   8.5 |      43 |       4 |   8.5
            +---------+---------+-------+---------+---------+-------
        D:1 |      37 |       6 |  14.0 |      24 |       4 |  14.3
        D:2 |      24 |       0 |   0.0 |      15 |       0 |   0.0
        D:3 |       4 |       0 |   0.0 |       4 |       0 |   0.0
            +---------+---------+-------+---------+---------+-------
